Map: [ESL] Goldenaura

Players

Spirit (souL)

  • Race: Terran Terran
  • League: Master
  • Spawn Location: 5:00

ShoWTimE - Winner!

  • Race: Protoss Protoss
  • League: Master
  • Spawn Location: 12:00

Event: HomeStory Cup XXIV

VOD

Have the link to the VOD?

Description

Time

  • Played on: Dec. 2, 2023, 10:51 a.m.
  • Length: 20:51

All games in this series

Show
View Real Time Build Order
Export as new Build Order

Spirit Terran 

Build Orders: Reaper Expand 

Get SALT Encoding   

  12  0:00  SCV  
  13  0:12  SCV  
  14  0:17  Supply Depot  
  14  0:24  SCV  
  15  0:39  SCV  
  15  0:41  Barracks  
  16  0:44  Refinery  
  16  0:51  SCV  
  17  1:03  SCV  
  18  1:15  SCV  
  19  1:27  Reaper  
  19  1:28  Orbital Command  
  20  1:40  Command Center  
  20  1:50  Supply Depot  
  20  1:53  SCV  
  21  1:59  Marine  
  22  2:05  SCV  
  23  2:10  Factory  
  23  2:17  SCV  
  23  2:19  Marine  
  25  2:28  Bunker  
  25  2:29  SCV  
  26  2:30  Refinery  
  26  2:37  Barracks Reactor  
  26  2:42  SCV  
  27  2:53  Orbital Command  
  27  2:54  SCV  
  27  2:55  Hellion  
  30  3:02  Starport  
  30  3:06  SCV  
  31  3:13  Marine x2  
  31  3:17  Widow Mine  
  31  3:18  SCV  
  31  3:19  SCV  
  37  3:30  SCV  
  37  3:31  SCV  
  37  3:32  Marine  
  37  3:33  Supply Depot  
  40  3:40  Cyclone  
  42  3:41  Medivac  
  42  3:42  SCV  
  42  3:43  SCV  
  42  3:46  Supply Depot  
  46  3:53  Barracks  
  46  3:55  SCV  
  47  3:58  SCV  
  47  4:00  Supply Depot  
  48  4:04  Marine  
  48  4:05  Marine  
  48  4:07  SCV  
  51  4:10  SCV, Refinery  
  51  4:12  Factory Tech Lab  
  54  4:18  Starport Tech Lab  
  54  4:19  SCV  
  54  4:22  Barracks, SCV  
  54  4:26  Supply Depot  
  54  4:27  Engineering Bay  
  55  4:31  SCV  
  55  4:33  Siege Tank  
  55  4:34  Marine  
  55  4:36  SCV  
  60  4:41  Supply Depot  
  60  4:43  SCV  
  61  4:47  Marine  
  61  4:48  SCV  
  61  4:51  Marine  
  64  4:52  Refinery  
  64  4:53  Terran Infantry Weapons Level 1  
  64  4:55  Stimpack, SCV  
  65  5:00  SCV  
  65  5:05  Siege Tank  
  65  5:06  Marauder  
  71  5:07  SCV  
  71  5:08  Marine  
  71  5:09  Barracks Tech Lab  
  71  5:11  Starport Reactor  
  71  5:12  SCV  
  74  5:19  Supply Depot x2  
  74  5:20  Marine  
  75  5:26  SCV x2, Marine  
  78  5:31  Combat Shield, Missile Turret  
  78  5:38  Siege Tank, Marine  
  78  5:40  SCV  
  78  5:41  SCV  
  82  5:45  Supply Depot, Marauder  
  82  5:47  Marauder  
  86  5:50  Medivac  
  86  5:53  Marine  
  86  5:55  Missile Turret  
  89  5:57  Supply Depot  
  89  6:00  Marine  
  89  6:06  Marauder  
  91  6:13  Command Center, Marine  
  91  6:14  Marauder  
  91  6:18  Medivac  
  96  6:19  Marine  
  96  6:23  Medivac  
  99  6:26  Factory Reactor, SCV  
  99  6:27  SCV  
  99  6:28  Marauder  
  103  6:35  Concussive Shells  
  103  6:37  Marauder  
  103  6:38  SCV  
  103  6:39  SCV  
  106  6:47  Terran Infantry Armor Level 1  
  106  6:49  Marauder, Marine  
  106  6:50  SCV  
  106  6:51  SCV  
  106  6:52  Medivac  
  106  6:53  Marine, Medivac  
  114  7:01  Supply Depot  
  114  7:02  SCV, Supply Depot  
  114  7:03  SCV  
  114  7:07  Marine  
  108  7:11  Widow Mine  
  108  7:14  SCV  
  108  7:15  SCV  
  99  7:17  Marauder, Marine  
  99  7:22  Medivac, Widow Mine  
  101  7:23  Medivac  
  101  7:26  SCV  
  101  7:28  Barracks  
  106  7:30  Barracks, SCV  
  106  7:32  Widow Mine  
  106  7:34  Marine  
  106  7:35  Marauder  
  112  7:38  SCV  
  112  7:40  Marauder, Marine  
  112  7:43  SCV  
  112  7:44  Widow Mine  
  119  7:50  SCV  
  118  7:52  Viking  
  118  7:55  SCV  
  118  7:56  Marauder  
  121  8:01  Marauder  
  121  8:03  SCV  
  121  8:04  Orbital Command  
  123  8:07  SCV  
  123  8:09  Widow Mine  
  123  8:10  Widow Mine  
  123  8:11  Marine  
  129  8:15  SCV  
  129  8:17  Ghost Academy  
  129  8:19  SCV  
  131  8:22  Bunker, Marauder  
  131  8:24  Supply Depot  
  131  8:25  Viking  
  131  8:26  Barracks Tech Lab  
  136  8:27  Barracks Reactor, SCV  
  136  8:30  Marine  
  136  8:31  Marauder  
  138  8:36  Marine  
  139  8:42  Viking, Refinery x2  
  139  8:43  Marauder  
  141  8:50  Ghost  
  141  8:52  Marauder, Armory, Marine, Engineering Bay  
  141  8:55  Viking  
  145  8:58  Marine  
  146  9:04  Marine  
  146  9:05  Marauder  
  146  9:07  Command Center  
  146  9:09  Marine  
  148  9:13  Ghost, SCV x2  
  148  9:15  Viking  
  148  9:16  Marine x2  
  156  9:19  SCV  
  156  9:20  Supply Depot  
  157  9:24  Ghost  
  157  9:29  Starport  
  157  9:40  Marauder  
  157  9:41  Viking, SCV, Marine x2  
  157  9:42  Marauder  
  157  9:44  Supply Depot  
  157  9:45  Viking  
  166  9:46  Marine  
  166  9:47  Marine  
  166  9:49  Supply Depot  
  166  9:50  Widow Mine  
  170  9:53  Marauder  
  170  9:59  Marine x2  
  168  10:02  Marauder  
  168  10:03  Marine  
  168  10:04  Marine  
  168  10:05  Marine  
  172  10:08  Viking  
  172  10:13  Viking x2  
  162  10:15  Viking, Marauder  
  162  10:17  Marine x2  
  164  10:21  Marine  
  164  10:22  Marine  
  164  10:25  Marine  
  154  10:31  Marine  
  154  10:34  Marine x2  
  154  10:38  Viking, SCV x2  
  154  10:41  Marauder  
  160  10:43  Viking x2  
  160  10:45  SCV, Marine  
  160  10:48  Marine  
  165  11:03  Marine  
  129  11:13  Planetary Fortress, SCV  
  129  11:14  SCV  
  129  11:16  Liberator  
  129  11:17  Liberator x2  
  129  11:18  Liberator  
  137  11:20  SCV  
  137  11:25  SCV  
  139  11:26  SCV  
  139  11:28  Marauder, Marine  
  139  11:30  Marauder  
  139  11:32  SCV  
  146  11:33  Widow Mine  
  146  11:35  Marauder  
  146  11:37  SCV, Marine  
  146  11:38  SCV  
  153  11:41  Terran Infantry Weapons Level 2  
  153  11:44  SCV  
  153  11:45  Refinery  
  153  11:46  Refinery  
  154  11:49  Missile Turret, SCV  
  154  11:51  Marauder  
  157  11:55  Terran Infantry Armor Level 2  
  157  11:59  Marine  
  158  12:01  Marine  
  158  12:04  Marine  
  158  12:05  Marauder  
  162  12:08  Ghost  
  162  12:12  Marine  
  163  12:17  Refinery  
  163  12:18  Terran Ship Weapons Level 1  
  163  12:19  Command Center  
  163  12:28  Marine  
  163  12:29  Marine  
  147  12:30  Marauder  
  147  12:35  Ghost  
  120  12:37  Marine  
  120  12:39  Marine  
  120  12:40  Marauder  
  121  12:46  Marine  
  121  12:47  Marine  
  118  12:51  Marauder  
  118  12:55  Marine  
  118  12:57  Barracks, Marine, Medivac  
  120  12:58  Barracks  
  120  12:59  Widow Mine  
  120  13:01  Barracks, Marauder  
  120  13:03  Marine  
  120  13:04  Ghost  
  120  13:05  Marine  
  125  13:07  SCV  
  125  13:10  Sensor Tower, SCV x2  
  125  13:12  Ghost  
  129  13:14  Missile Turret  
  129  13:16  Marine  
  129  13:18  SCV  
  133  13:21  Widow Mine  
  133  13:23  Fusion Core, SCV, Marauder  
  133  13:24  Marine  
  139  13:30  Medivac x2  
  139  13:32  Marine  
  139  13:33  Marauder  
  146  13:35  SCV  
  146  13:37  Marine  
  146  13:40  SCV x2  
  152  13:41  Marauder  
  152  13:42  Widow Mine  
  152  13:43  Ghost  
  152  13:44  Marine  
  152  13:45  Barracks Tech Lab  
  152  13:47  Barracks Tech Lab  
  152  13:48  Barracks Tech Lab  
  156  13:52  Marine  
  156  13:55  SCV x3, Marauder  
  160  13:56  Missile Turret  
  160  13:57  Marine  
  160  14:00  SCV  
  160  14:02  Marine  
  165  14:03  Marauder  
  165  14:04  Widow Mine  
  165  14:05  Marine  
  165  14:06  Marauder  
  171  14:10  Marine  
  171  14:11  Advanced Ballistics, Marauder  
  171  14:13  Terran Ship Weapons Level 2  
  171  14:14  SCV  
  171  14:16  Marine  
  176  14:19  Marine  
  176  14:20  Marauder  
  176  14:22  Marine  
  176  14:23  Marauder  
  182  14:29  Terran Infantry Weapons Level 3  
  182  14:30  Planetary Fortress  
  182  14:32  Marine  
  182  14:36  Ghost  
  182  14:37  Marine  
  182  14:38  Marauder  
  188  14:39  Marine  
  188  14:43  Liberator  
  191  14:46  Terran Infantry Armor Level 3  
  191  14:51  Marauder, Marine  
  194  15:02  Liberator  
  196  15:07  Liberator  
  196  15:09  Command Center  
  196  15:10  Sensor Tower  
  199  15:14  Missile Turret  
  192  15:21  Liberator  
  192  15:26  Liberator  
  196  15:30  Missile Turret  
  195  15:39  SCV x3, Refinery  
  195  15:40  Missile Turret  
  195  15:41  Missile Turret  
  196  15:45  Liberator, Marine  
  200  15:59  Command Center  
  200  16:01  Command Center  
  197  16:19  Liberator  
  197  16:21  Liberator  
  197  16:23  Planetary Fortress, Missile Turret, Refinery  
  198  16:30  Terran Vehicle And Ship Armor Level 1  
  197  16:40  Liberator  
  198  16:47  Marine  
  198  16:51  Ghost x3, Marine  
  199  16:54  Marine  
  199  16:58  Marauder x2  
  199  17:00  Marine  
  200  17:05  Liberator  
  200  17:06  Neosteel Armor  
  195  17:10  Marauder, Marine x2  
  195  17:13  SCV x2  
  195  17:16  Marine  
  195  17:20  Liberator, Marine  
  195  17:21  Marine, Marauder  
  199  17:23  Hi-Sec Auto Tracking, SCV  
  200  17:31  Liberator  
  200  17:33  Marine  
  200  17:34  Liberator  
  200  17:35  Marauder, Marine  
  192  17:43  Marine  
  192  17:44  Marauder  
  189  17:46  Marine  
  189  17:47  Marauder  
  189  17:48  Liberator  
  189  17:49  SCV  
  191  18:00  Refinery  
  191  18:01  Refinery  
  191  18:02  Liberator  
  191  18:03  Marauder, Marine  
  197  18:07  Marine  
  197  18:08  Marauder  
  200  18:15  Marauder  
  200  18:18  Marine  
  200  18:19  Marauder  
  183  18:21  Liberator, Marine  
  183  18:22  SCV, Marauder  
  183  18:26  Orbital Command  
  186  18:30  Liberator  
  186  18:31  Liberator, Marauder  
  186  18:32  Marauder  
  181  18:35  SCV  
  181  18:37  Marauder  
  181  18:40  Reaper  
  156  18:41  Marine  
  156  18:45  Liberator  
  156  18:47  SCV  
  142  18:50  Marauder, Marine  
  136  18:59  SCV  
  136  19:09  Orbital Command  
  136  19:16  Marine  
  133  19:50  Marine  
  93  20:07  Marine  
Show
View Real Time Build Order
Export as new Build Order

ShoWTimE Protoss - Winner!

Build Orders: 1 Gate Expand, Phoenix Opening, Colossus Rush 

Get SALT Encoding   

  12  0:00  Probe  
  13  0:12  Probe  
  14  0:17  Pylon  
  14  0:24  Probe (Chrono Boost)  
  15  0:36  Probe (Chrono Boost)  
  15  0:37  Gateway  
  16  0:44  Probe (Chrono Boost)  
  16  0:49  Assimilator  
  17  0:51  Probe  
  18  1:03  Probe  
  19  1:15  Probe  
  20  1:24  Cybernetics Core  
  20  1:31  Nexus  
  20  1:35  Probe  
  21  1:42  Pylon  
  21  1:47  Probe  
  21  1:50  Assimilator  
  22  1:57  Adept (Chrono Boost)  
  22  1:59  Probe  
  25  2:12  Probe  
  26  2:20  Stargate, Adept (Chrono Boost)  
  26  2:24  Probe  
  29  2:32  Warp Gate  
  30  2:38  Probe (Chrono Boost)  
  30  2:43  Probe (Chrono Boost)  
  32  2:52  Probe (Chrono Boost)  
  32  2:53  Probe (Chrono Boost)  
  32  2:57  Probe (Chrono Boost)  
  33  3:00  Probe (Chrono Boost)  
  33  3:03  Phoenix  
  37  3:07  Pylon  
  37  3:09  Probe (Chrono Boost)  
  39  3:18  Probe (Chrono Boost)  
  40  3:20  Probe (Chrono Boost)  
  40  3:24  Gateway, Probe (Chrono Boost)  
  40  3:25  Probe (Chrono Boost)  
  42  3:28  Phoenix (Chrono Boost)  
  42  3:30  Robotics Facility  
  44  3:35  Assimilator  
  44  3:36  Probe  
  44  3:37  Assimilator  
  44  3:38  Probe  
  46  3:48  Pylon, Probe  
  47  3:50  Probe  
  47  3:51  Phoenix (Chrono Boost)  
  50  3:59  Shield Battery  
  50  4:00  Probe  
  50  4:02  Probe  
  52  4:08  Phoenix  
  54  4:12  Probe  
  54  4:14  Probe  
  56  4:17  Immortal (Chrono Boost)  
  60  4:24  Probe  
  60  4:28  Robotics Bay  
  60  4:31  Pylon  
  61  4:41  Nexus  
  61  4:47  Pylon  
  61  4:49  Sentry  
  61  4:51  Observer, Probe x2  
  66  4:55  Shield Battery  
  66  4:56  Sentry  
  68  5:03  Probe x2  
  68  5:05  Pylon  
  72  5:15  Colossus (Chrono Boost), Probe x2  
  78  5:27  Probe x2  
  78  5:28  Extended Thermal Lance (Chrono Boost)  
  80  5:39  Probe x2  
  82  5:43  Forge  
  82  5:45  Twilight Council  
  82  5:51  Probe x2  
  82  5:52  Gateway x2  
  82  5:53  Pylon  
  84  5:57  Colossus (Chrono Boost)  
  84  6:03  Probe x2  
  90  6:05  Phoenix  
  92  6:12  Probe  
  92  6:13  Gateway  
  92  6:14  Gateway  
  92  6:15  Protoss Ground Weapons Level 1 (Chrono Boost)  
  92  6:18  Pylon  
  93  6:20  Charge  
  93  6:29  Zealot  
  93  6:30  Zealot  
  93  6:31  Pylon, Probe  
  98  6:33  Pylon, Colossus (Chrono Boost)  
  104  6:48  Zealot x2  
  104  6:52  Zealot x2, Pylon  
  110  6:55  Phoenix  
  104  7:08  Zealot x4  
  104  7:14  Probe x2  
  100  7:19  Zealot x2  
  100  7:20  Phoenix  
  100  7:21  Probe  
  105  7:24  Colossus (Chrono Boost)  
  105  7:26  Probe x2  
  113  7:35  Gateway  
  113  7:37  Zealot x3  
  113  7:39  Gateway  
  119  7:45  Pylon  
  119  7:49  Nexus  
  119  7:53  Phoenix  
  119  7:54  Zealot x2  
  122  7:59  Zealot  
  122  8:04  Probe x2  
  126  8:09  Observer  
  126  8:10  Warp Prism (Chrono Boost), Templar Archives  
  126  8:14  Protoss Ground Weapons Level 2  
  126  8:15  Nexus  
  126  8:16  Shield Battery  
  128  8:20  Phoenix (Chrono Boost)  
  128  8:25  Zealot  
  132  8:28  Pylon  
  132  8:30  Pylon  
  130  8:43  Assimilator, Phoenix  
  128  8:49  Zealot x5  
  128  8:50  Zealot x3  
  144  8:57  Immortal (Chrono Boost)  
  144  9:01  Pylon  
  148  9:05  Photon Cannon  
  146  9:10  High Templar  
  146  9:12  Pylon  
  146  9:15  Pylon  
  148  9:19  High Templar x2  
  148  9:20  High Templar, Zealot  
  148  9:23  Archon  
  156  9:26  Probe x2  
  156  9:29  Zealot x3  
  156  9:30  Immortal (Chrono Boost)  
  162  9:32  Pylon  
  162  9:38  Archon  
  166  9:40  Probe x2  
  166  9:44  Pylon  
  168  9:50  Zealot x5  
  178  9:54  Stalker x3  
  174  10:02  Observer (Chrono Boost)  
  159  10:14  Zealot x5  
  159  10:20  Disruptor (Chrono Boost)  
  155  10:22  Zealot x3  
  157  10:30  Probe x2  
  157  10:34  Blink (Chrono Boost)  
  149  10:38  Stalker x5  
  149  10:39  Nexus  
  157  10:44  Zealot x3  
  163  10:50  Disruptor (Chrono Boost)  
  159  11:01  Zealot x5  
  127  11:08  Zealot x7  
  127  11:09  Zealot  
  105  11:14  Robotics Facility, Probe x2  
  105  11:16  Pylon  
  105  11:17  Observer  
  107  11:21  Disruptor (Chrono Boost)  
  107  11:24  Protoss Ground Weapons Level 3 (Chrono Boost)  
  111  11:26  Forge  
  111  11:31  Zealot x3  
  111  11:32  Zealot x5  
  127  11:38  Photon Cannon  
  127  11:41  Shield Battery  
  127  11:47  Observer  
  127  11:52  Stalker  
  127  11:53  Stalker x5  
  139  11:56  Zealot x2  
  139  11:58  Observer (Chrono Boost)  
  144  12:03  Photon Cannon  
  142  12:12  Disruptor (Chrono Boost)  
  150  12:17  Disruptor (Chrono Boost)  
  150  12:18  Sentry x2  
  150  12:19  Zealot x6  
  125  12:41  Stalker x7  
  135  12:44  Probe  
  135  12:49  Probe  
  135  12:59  Disruptor (Chrono Boost)  
  135  13:00  Assimilator  
  135  13:01  Probe  
  135  13:03  Protoss Ground Armor Level 1 (Chrono Boost)  
  135  13:04  Probe  
  135  13:05  Probe x2  
  143  13:08  Zealot x7  
  157  13:17  Probe x2  
  157  13:18  Probe  
  157  13:19  Gateway, Probe  
  161  13:25  Gateway  
  161  13:30  Dark Shrine  
  159  13:38  Zealot x3, Stalker x4  
  173  13:44  Colossus (Chrono Boost)  
  179  13:58  Colossus (Chrono Boost)  
  179  14:00  Pylon  
  183  14:07  Stalker x3  
  183  14:08  Zealot x5  
  196  14:15  Phoenix  
  198  14:23  Protoss Shields Level 1 (Chrono Boost)  
  196  14:28  Zealot x2  
  196  14:31  Shadow Stride (Chrono Boost)  
  200  14:35  Nexus, Pylon  
  200  14:38  Observer (Chrono Boost)  
  199  14:40  Observer (Chrono Boost)  
  195  14:53  Observer  
  195  14:57  Assimilator  
  196  15:01  Assimilator  
  180  15:33  Dark Templar x5  
  190  15:36  Dark Templar  
  190  15:40  Gateway, Probe  
  190  15:42  Gateway  
  193  15:44  Photon Cannon x2  
  193  15:47  Photon Cannon  
  193  15:48  Shield Battery  
  193  15:50  Protoss Ground Armor Level 2 (Chrono Boost)  
  193  15:52  Pylon  
  193  15:55  Dark Templar  
  195  16:01  Dark Templar  
  197  16:12  Dark Templar  
  195  16:20  Protoss Shields Level 2 (Chrono Boost)  
  193  16:26  Phoenix (Chrono Boost)  
  191  16:33  Stalker x2  
  191  16:36  Stalker  
  193  16:46  Phoenix (Chrono Boost)  
  191  16:58  Zealot x4  
  197  17:15  Colossus (Chrono Boost)  
  190  17:19  Probe  
  187  17:23  Probe  
  187  17:24  Zealot x6  
  187  17:57  Nexus  
  184  17:59  Observer (Chrono Boost)  
  184  18:01  Dark Templar x5  
  184  18:02  Zealot x3  
  200  18:06  Photon Cannon  
  200  18:09  Photon Cannon  
  198  18:26  Robotics Facility  
  195  18:31  Assimilator x2  
  188  18:38  Dark Templar  
  185  18:41  Stalker x4  
  185  18:42  Zealot x3  
  185  18:45  Nexus  
  194  18:57  Dark Templar  
  194  18:58  Zealot x2  
  194  19:01  Pylon  
  195  19:14  Zealot x2  
  197  19:23  Gateway  
  195  19:25  Gateway  
  195  19:27  Cybernetics Core  
  195  19:30  Gateway  
  195  19:31  Gateway  
  195  19:34  Gateway  
  195  19:35  Gateway  
  195  19:40  Pylon  
  195  19:42  Pylon  
  195  19:45  Pylon  
  155  20:00  Zealot x4  
  155  20:06  Observer  
  155  20:12  Pylon  
  155  20:14  Cybernetics Core, Pylon  
  155  20:16  Gateway x2  
  154  20:23  Pylon  
  154  20:27  Pylon  
  152  20:34  Stalker x6  
Tags
 
Add a new tag
Caveats
  • Supply blocks, unpowered buildings, or Contaminate may cause inaccurate times.
  • Supply counts are checked every 10 seconds.